 Dungeon Crawl Stone Soup version 0.29-a0-375-g5102b3be25 (webtiles) character file.

Game seed: 17406009180445268559

10646 pyrow613 the Fighter (level 11, -1/93 (100) HPs)
             Began as a Demigod Fighter on May 2, 2022.
             Killed by divine providence
             ... invoked by a smoke demon
              (17 damage)
             ... on level 3 of the Abyss on May 3, 2022.
             The game lasted 01:33:40 (11366 turns).

pyrow613 the Fighter (Demigod Fighter)             Turns: 11366, Time: 01:33:40

HP:   -1/93 (100)   AC: 12    Str: 25      XL:     11   Next: 16%
MP:   14/14         EV:  7    Int:  8 (10) God:
Gold: 151           SH:  6    Dex: 17      Spells: 10/10 levels left

rFire   + . .      SeeInvis .   a - +3 spear (venom)
rCold   + . .      Faith    .   c - +0 buckler
rNeg    . . .      Spirit   .   m - +0 plate armour
rPois   .          Reflect  .   (helmet restricted)
rElec   .          Harm     .   o - +0 cloak
rCorr   .          Rampage  +   e - +0 pair of gloves
Will    +....      Rnd*Tele +   N - +0 pair of boots {rampage}
Stlth   ..........              u - amulet of regeneration
HPRegen 1.05/turn               O - ring of protection from fire
MPRegen 0.14/turn               J - ring of protection from cold

@: about to teleport, drained
A: high MP 1, forlorn, divine attributes, antennae 1, [deformed body],
teleportitis 1[+2], [subdued magic 2]
a: no special abilities


You were on level 3 of the Abyss.
You visited 2 branches of the dungeon, and saw 11 of its levels.
You visited the Abyss 1 time.
You also visited: Ossuary and Bailey.

You collected 751 gold pieces.
You spent 600 gold pieces at shops.

Inventory:

Hand Weapons
 a - a +3 spear of venom (weapon)
 b - a +0 hunting sling
 g - a +2 vampiric halberd
 i - a +2 whip of electrocution
 v - a +5 hand axe
 z - a +1 rapier of venom
 F - a +3 short sword of holy wrath
Missiles
 h - a throwing net
 s - 4 javelins
 A - 49 poisoned darts
 C - 2 curare-tipped darts (quivered)
 D - 8 datura-tipped darts
Armour
 c - a +0 buckler (worn)
 e - a +0 pair of gloves (worn)
 m - a +0 plate armour (worn)
 o - a +0 cloak (worn)
 y - the +0 ring mail of Emain {rPois Int+4}
   (You found it in a bailey)

   Int:       It affects your intelligence (+4).
   rPois:     It protects you from poison.
 I - a +2 helmet
 N - a +0 pair of boots of rampaging (worn)
Jewellery
 p - an amulet of guardian spirit
 u - an amulet of regeneration (around neck)
 J - a ring of protection from cold (right hand)
 O - a ring of protection from fire (left hand)
Wands
 n - a wand of iceblast (4)
 w - a wand of flame (24)
 B - a wand of mindburst (12)
 L - a wand of paralysis (13)
 Q - a wand of polymorph (7)
Scrolls
 d - 2 scrolls of fog
 j - a scroll of teleportation
 M - a scroll of amnesia {unknown}
Potions
 f - 2 potions of resistance
 k - a potion of haste {unknown}
 q - 3 potions of curing
 r - a potion of flight {unknown}
 P - a potion of ambrosia {unknown}
 R - a potion of brilliance {unknown}
 S - a potion of invisibility {unknown}


   Skills:
 * Level 10.2 Fighting
 - Level 3.4 Long Blades
 + Level 8.3 Polearms
 + Level 7.7 Armour
 + Level 7.7 Shields


You had 10 spell levels left.
You didn't know any spells.
Your spell library contained the following spells:

 Spells                   Type           Power      Damage    Failure   Level
 Dazzling Flash           Conj/Hex       0%         N/A       100%        3
 Agony                    Necr           0%         N/A       100%        5
 Silence                  Hex/Air        0%         N/A       100%        5
 Summon Forest            Summ/Tloc      0%         N/A       100%        5
 Summon Mana Viper        Hex/Summ       0%         N/A       100%        5
 Summon Cactus Giant      Summ           0%         N/A       100%        6


Dungeon Overview and Level Annotations

Branches:
Dungeon (10/15)            Temple (0/1) D:6            Lair (1/6) D:9
    Orc (0/2) D:10        Ossuary (visited)          Bailey (visited)

Shops:
D:4 =

Annotations:
D:3 3 runed translucent doors, sirJeffrey23's ghost, amateur DsMo
D:7 1 runed translucent door, Crazy Yiuf
D:9 2 transporters
Lair:1 Nergalle


Innate Abilities, Weirdness & Mutations

You have an increased reservoir of magic. (+10% MP)
You shall have no god before yourself.
Your divine heritage dramatically boosts your attributes as you level up.
You have a pair of small antennae on your head.
[Armour fits poorly on your strangely shaped body.]
[You are often teleported next to monsters.]
[Your spells are easier to cast, but less powerful.]


Message History

As you read the scroll of teleportation, it crumbles to dust.
You feel strangely unstable.
You feel the power of the Abyss delaying your translocation!
The hell hound closely misses you. The hell hound breathes flames at you.
The blast of flame hits the hell hound.
The hell hound completely resists.
The blast of flame hits you! You resist.
* * * LOW HITPOINT WARNING * * *
The hell hound stops to sniff the ground.
You block the hell hound's attack.
Unknown command.
Okay, then.
Blink to where?
Press: ? - help, Dir - move target
As you read the scroll of blinking, it crumbles to dust.
The ufetubus attacks as you move away! You block the ufetubus's attack.
The ufetubus hits you but does no damage.
The ufetubus hits you.
* * * LOW HITPOINT WARNING * * *
The ufetubus hits you.
* * * LOW HITPOINT WARNING * * *
The ufetubus attacks as you move away!
The ufetubus hits you but does no damage.
You block the ufetubus's attack. The ufetubus barely misses you.
The ufetubus hits you.
* * * LOW HITPOINT WARNING * * *
The ufetubus hits you but does no damage. x2
You are no longer corroded.
You block the ufetubus's attack.
The ufetubus hits you but does no damage.
You block the ufetubus's attack. The ufetubus completely misses you.
You block the ufetubus's attack. The ufetubus closely misses you.
The ufetubus hits you but does no damage.
The ufetubus completely misses you. You block the ufetubus's attack.
The ufetubus hits you.
* * * LOW HITPOINT WARNING * * *
You block the hell hound's attack. The smoke demon gestures at you.
Something smites you!
You die... ##....#... # #Xh . .## .# ##.# ##.5 .## #3.#####Xx . ##. . .. .# ##..#.##h ## hB..

#.XhX.#.#
..##...#
##5#x##.#X
.# #. .
###h@##
h### .
##### .# #
#. #......
##.####.#
# #. .#.
## .## # #
h # . # ..
# ##.#. #
.


You could see 2 large abominations, a smoke demon, 2 hell hounds and a small
abomination.

Vanquished Creatures
  A two-headed ogre (D:10)
  A thrashing horror (Abyss:2)
  An orb spider (Abyss:1)
  Pikel (D:6)
  Joseph (D:7)
  An orange demon (Abyss:2)
  A smoke demon (Abyss:1)
  Maggie (D:7)
  An efreet (Abyss:1)
  An ancient zyme (Abyss:3)
  3 trolls
  A hornet (D:9)
  Grinder (D:5)
  8 yaks (D:9)
  5 wyverns
  5 wraiths
  Eustachio (D:4)
  A vampire (D:9)
  3 steam dragons
  A neqoxec (Abyss:3)
  2 wargs (D:9)
  2 acid dragons
  2 water moccasins
  Duvessa (D:5)
  7 orc warriors
  A sky beast (D:8)
  3 black bears
  An ice beast (D:5)
  2 ogres
  3 centaurs
  A phantom (D:4)
  Blork the orc (D:5)
  10 kobold brigands
  3 bullfrogs
  3 necrophages (D:6)
  7 scorpions
  6 wights
  Dowan (D:5)
  A howler monkey (D:9)
  A jelly (D:6)
  2 orc priests
  2 hounds
  2 iguanas (D:6)
  4 orc wizards
  A statue (D:5)
  7 gnolls
  8 adders
  2 shadow imps (D:6)
  A white imp (D:5)
  An ufetubus (D:2)
  An adder zombie (Ossuary)
  2 worms
  3 dart slugs
  14 orcs
  2 endoplasms
  6 giant cockroaches
  7 goblins
  8 hobgoblins
  30 kobolds
  3 ball pythons
  A ball python skeleton (Ossuary)
  3 bats
  3 frilled lizards (D:3)
  A hobgoblin skeleton (Ossuary)
  A hobgoblin zombie (Ossuary)
  2 kobold zombies (Ossuary)
  3 orc skeletons (Ossuary)
  6 rats
223 creatures vanquished.

Vanquished Creatures (collateral kills)
  An ufetubus (Abyss:2)
1 creature vanquished.

Vanquished Creatures (others)
  2 fungi (Lair:1)
2 creatures vanquished.

Grand Total: 226 creatures vanquished

Notes
Turn   | Place    | Note
-------+----------+-------------------------------------------
     0 | D:1      | pyrow613 the Demigod Fighter began the quest for the Orb.
     0 | D:1      | Reached XP level 1. HP: 18/18 MP: 3/3
   984 | D:2      | Reached XP level 2. HP: 21/25 MP: 4/4
  1262 | D:2      | Reached skill level 3 in Fighting
  1405 | D:2      | Reached XP level 3. HP: 31/31 MP: 5/5
  1435 | D:2      | Identified the +2 robe of Omiajama {Rampage *Corrode Str+2
                  | Int+5}
  2246 | D:3      | Found a runed translucent gate.
  2246 | D:3      | Found a runed translucent gate.
  2246 | D:3      | Found a runed translucent gate.
  2246 | D:3      | Noticed sirJeffrey23's ghost (amateur DsMo)
  2313 | D:3      | Reached XP level 4. HP: 32/38 MP: 6/6
  2417 | D:3      | Upgraded the game from 0.29-a0-371-g91724d5b39 to
                  | 0.29-a0-375-g5102b3be25
  2706 | D:3      | Reached XP level 5. HP: 32/45 MP: 7/7
  3062 | D:4      | Noticed a black bear
  3076 | D:4      | Killed a black bear
  3115 | D:4      | Found Kirijiacw's Jewellery Shop.
  3245 | D:4      | Reached skill level 4 in Fighting
  3245 | D:4      | Reached XP level 6. HP: 41/52 MP: 8/8
  3396 | D:4      | Noticed Eustachio
  3561 | D:4      | Killed Eustachio
  3595 | D:5      | Entered Level 5 of the Dungeon
  3605 | D:5      | Found a sand-covered staircase.
  3610 | Ossuary  | Entered an ossuary
  3681 | Ossuary  | Reached XP level 7. HP: 32/59 MP: 9/9
  3776 | Ossuary  | Noticed a wraith
  3776 | Ossuary  | Noticed a flying skull
  3795 | Ossuary  | Noticed a flying skull
  3802 | Ossuary  | Noticed a flying skull
  3804 | Ossuary  | Noticed a flying skull
  3842 | Ossuary  | Noticed a flying skull
  3851 | Ossuary  | Noticed a wraith
  3979 | D:5      | Noticed Grinder
  3985 | D:5      | Killed Grinder
  3986 | D:5      | Reached skill level 5 in Polearms
  4211 | D:5      | Noticed Duvessa
  4211 | D:5      | Noticed Dowan
  4214 | D:5      | Killed Dowan
  4230 | D:5      | Killed Duvessa
  4344 | D:5      | Reached XP level 8. HP: 67/67 MP: 10/10
  4571 | D:5      | Reached skill level 5 in Fighting
  4765 | D:5      | Noticed Blork the orc
  4775 | D:5      | Killed Blork the orc
  4930 | D:4      | Bought a ring of protection from cold for 300 gold pieces
  5161 | D:6      | Reached skill level 5 in Armour
  5161 | D:6      | Reached skill level 5 in Shields
  5215 | D:6      | Found a staircase to the Ecumenical Temple.
  5301 | D:6      | Reached skill level 6 in Fighting
  5448 | D:6      | Noticed Pikel
  5472 | D:6      | Killed Pikel
  5473 | D:6      | Reached XP level 9. HP: 32/78 MP: 11/11
  6415 | D:7      | Reached skill level 7 in Fighting
  6422 | D:7      | Noticed Maggie
  6434 | D:7      | Killed Maggie
  6489 | D:7      | Noticed Joseph
  6518 | D:7      | Killed Joseph
  6769 | D:7      | Reached skill level 8 in Fighting
  6901 | D:7      | Found a runed translucent door.
  6902 | D:7      | Noticed Crazy Yiuf
  7253 | D:8      | Reached XP level 10. HP: 86/88 MP: 13/13
  8007 | D:9      | Found a flagged portal.
  8019 | Bailey   | Entered a bailey
  8130 | Bailey   | Identified the +0 ring mail of Emain {rPois Int+4}
  8170 | Bailey   | Reached skill level 9 in Fighting
  8382 | D:9      | Found a transporter.
  8383 | D:9      | Found a transporter.
  8384 | D:9      | Noticed a boulder beetle
  8497 | D:9      | Found a staircase to the Lair.
  8867 | D:4      | Bought a ring of protection from fire for 300 gold pieces
  9298 | D:10     | Entered Level 10 of the Dungeon
  9364 | D:10     | Reached XP level 11. HP: 85/99 MP: 14/14
  9461 | D:10     | Noticed a two-headed ogre
  9471 | D:10     | Killed a two-headed ogre
  9472 | D:10     | Reached skill level 10 in Fighting
 10048 | D:10     | Found a staircase to the Orcish Mines.
 10262 | Lair:1   | Entered Level 1 of the Lair of Beasts
 10270 | Lair:1   | Noticed Nergalle
 10287 | Lair:1   | Cast into level 1 of the Abyss (spectral orc warrior)
 10477 | Abyss:1  | Noticed an orb spider
 10511 | Abyss:1  | Killed an orb spider
 10666 | Abyss:2  | Noticed a thrashing horror
 10666 | Abyss:2  | Noticed a thrashing horror
 10686 | Abyss:2  | Killed a thrashing horror
 10752 | Abyss:2  | Noticed a dread lich
 10752 | Abyss:2  | Paralysed by a dread lich for 6 turns
 10765 | Abyss:2  | Noticed a shadow demon
 10766 | Abyss:2  | Noticed an Ice Fiend
 10861 | Abyss:2  | Noticed a wretched star
 10870 | Abyss:2  | Noticed a sun demon
 10873 | Abyss:2  | Gained mutation: You are frail. (-10% HP) [a neqoxec]
 10974 | Abyss:2  | Noticed a starcursed mass
 10991 | Abyss:2  | Lost mutation: You are frail. (-10% HP) [potion of
                  | mutation]
 10991 | Abyss:2  | Gained mutation: [You are occasionally teleported next to
                  | monsters.] [potion of mutation]
 10991 | Abyss:2  | Gained mutation: You have a pair of small antennae on your
                  | head. [potion of mutation]
 11120 | Abyss:2  | Noticed a wretched star
 11342 | Abyss:3  | Noticed an entropy weaver
 11366 | Abyss:3  | Killed from afar by a smoke demon

Illustrated notes

Levels and vault maps discovered:
D:1:      dpeg_arrival_three_bigger_balls, layout_basic, minmay_pentomino_r2
D:2:      layout_basic
D:3:      layout_rooms, mainiacjoe_overflow_catwalk, ebering_ghost_rock_garden
D:4:      layout_rooms, mainiacjoe_overflow_alcove_4, tso_metal_star,
          elyvilon_altar_3, nicolae_take_the_stairs, uniq_eustachio
D:5:      layout_loops_corners, vehumet_statue, nicolae_overflow_squiral,
          enter_ossuary_1, uniq_duvessa, uniq_grinder, uniq_blork_the_orc
D:6:      layout_basic, evilmike_ruin_ashenzari, minmay_temple_entry_hall,
          uniq_pikel
D:7:      dreamdust_elfheim, layout_loops_cross, uniq_maggie, uniq_joseph,
          uniq_crazy_yiuf_cottage
D:8:      layout_basic
D:9:      gammafunk_boulding_lane, layout_basic,
          gammafunk_temple_overflow_statue, erik_lair_orcish_takeover,
          enter_bailey_4
D:10:     layout_irregular_city, orc_0_dummy
Lair:1:   layout_roguey, nicolae_volcano_entry_vermiform, uniq_nergalle
Abyss:3:  base: D:14, evilmike_abyss_exit_15, gammafunk_corrupted_shrine,
          nicolae_abyss_rune_left_handed

Skill      XL: |  1  2  3  4  5  6  7  8  9 10 11 |
---------------+----------------------------------+-----
Long Blades    | 2 3 |  3.4
Fighting       | 3 4 6 8 9 10 | 10.2
Armour         | 3 4 5 6 7 |  7.7
Shields        | 3 4 5 6 7 |  7.7
Polearms       | 3 5 6 7 8 |  8.3

Action                   |  1- 3 |  4- 6 |  7- 9 | 10-12 || total
-------------------------+-------+-------+-------+-------++-------
Melee: Long sword        |   133 |    75 |       |       ||   208
       Dagger            |       |    15 |       |       ||    15
       Spear             |       |    55 |   338 |   562 ||   955
       Short sword       |       |       |       |    23 ||    23
 Fire: Hunting sling     |       |    10 |     4 |       ||    14
Throw: Stone             |     8 |       |       |       ||     8
       Dart              |       |       |       |     2 ||     2
Evoke: Wand              |       |     1 |    18 |       ||    19
  Use: Scroll            |     1 |     3 |     6 |    22 ||    32
       Potion            |       |     4 |     1 |    13 ||    18
Armor: Chain mail        |    52 |       |       |       ||    52
       Plate armour      |    67 |   116 |   108 |   359 ||   650
       Skin              |       |       |       |     8 ||     8
Dodge: Dodged            |    51 |    44 |    52 |   174 ||   321
Block: Buckler           |    32 |    34 |    62 |   191 ||   319

Table legend: (Time is in decaauts)
 A = Elapsed time spent in this place.
 B = Non-inter-level travel time spent in this place.
 C = Inter-level travel time spent in this place.
 D = Time resting spent in this place.
 E = Time spent auto-exploring this place.
 F = Levels seen in this place.
 G = Mean time per level.
                   A        B        C        D        E       F      G
               +--------+--------+--------+--------+--------+-----+--------+
         Total |  11313 |  10490 |    823 |    974 |   6022 |  16 |  707.1 |
       Dungeon |   9717 |   8894 |    823 |    572 |   6022 |  10 |  971.7 |
          Lair |     21 |     21 |      0 |      0 |      0 |   1 |   21.0 |
         Abyss |   1060 |   1060 |      0 |    318 |      0 |   3 |  353.3 |
       Ossuary |    277 |    277 |      0 |     41 |      0 |   1 |  277.0 |
        Bailey |    237 |    237 |      0 |     43 |      0 |   1 |  237.0 |
               +--------+--------+--------+--------+--------+-----+--------+

Top non-repeatable levels by time:
     D:6: 1265 daAuts
     D:2: 1118 daAuts
     D:5: 1090 daAuts
     D:7: 1020 daAuts
     D:9: 910 daAuts
     D:4: 894 daAuts
     D:1: 888 daAuts
    D:10: 884 daAuts
     D:3: 832 daAuts
     D:8: 811 daAuts
 Abyss:2: 523 daAuts
 Abyss:1: 308 daAuts
 Ossuary: 277 daAuts
  Bailey: 237 daAuts
 Abyss:3: 228 daAuts
